AoeStats
← Chris

Arena

507857047Analyzed
4v4 RM · 12d ago on Sep 20, 2026· 39m 1s· 8 players
Game mode
Random Map
Map size
Large (8 player)
Population
200
Speed
Normal
Resources
Standard
Victory
Conquest
Starting age
Dark Age
Ending age
Imperial Age
RankedLock teamsTeams togetherTeam positionsShared explorationLock speedFull tech treeHidden civsTurbo modeCheats
Victory
Defeat
🇨🇳 Teutons · China
1372
+12
🇨🇳 Ethiopians · China
1344
+13
🇨🇳 Franks · China
1205
+19
🇺🇸 Britons · United States
1320
-15
🇨🇴 Persians · Colombia
1288
-14
🇮🇸 Hindustanis · Iceland
1265
-13
🇺🇸 Slavs · United States
1256
-13
[LGP] Shiroo
6:49 Loom
9:28 Feudal Age
10:03 Double-Bit Axe
9:59 Horse Collar
18:53 Castle Age
19:42 Bow Saw
19:32 Heavy Plow
24:45 Gold Mining
24:45 Stone Mining
30:18 Imperial Age
27:34 Town Watch
28:38 Wheelbarrow
28:30 Scale Barding Armor
29:38 Stone Shaft Mining
29:39 Gold Shaft Mining
29:52 Chain Barding Armor
29:55 Husbandry
30:06 Bloodlines
30:07 Elite War Elephant
31:09 Conscription
31:26 Plate Barding Armor
31:04 Forging
31:25 Hand Cart
34:09 Iron Casting
34:34 Padded Archer Armor
36:21 Blast Furnace
34:49 Elite Skirmisher
36:05 Fletching
37:44 Chemistry
37:28 Hoardings
37:49 Bodkin Arrow
Nocnamania
11:17 Feudal Age
11:01 Loom
12:48 Horse Collar
17:02 Castle Age
15:17 Double-Bit Axe
15:53 Town Watch
17:15 Forging
17:16 Pikeman
25:18 Iron Casting
24:44 Scale Mail Armor
28:38 Masonry
33:27 Imperial Age
32:34 Wheelbarrow
32:11 Fletching
32:45 Gold Mining
33:30 Chain Mail Armor
33:37 Halberdier
37:08 Blast Furnace
38:58 Plate Mail Armor
38:37 Heavy Plow
GYT SALTA
10:49 Feudal Age
14:51 Castle Age
14:26 Scale Mail Armor
14:37 Forging
14:12 Horse Collar
14:31 Double-Bit Axe
15:03 Forging
14:58 Loom
20:48 Wheelbarrow
21:46 Gold Mining
22:01 Heavy Plow
22:16 Bow Saw
23:13 Chain Mail Armor
23:59 Hand Cart
25:40 Iron Casting
31:46 Imperial Age
30:36 Gold Shaft Mining
29:55 Stone Mining
30:08 Padded Archer Armor
30:15 Scale Barding Armor
32:56 Chain Barding Armor
34:36 Blast Furnace
34:48 Chemistry
34:35 Conscription
35:01 Conscription
35:53 Plate Barding Armor
Chris
5:12 Loom
11:24 Feudal Age
12:02 Horse Collar
11:52 Man-at-Arms
19:56 Castle Age
20:00 Fletching
20:10 Padded Archer Armor
20:37 Double-Bit Axe
20:53 Heavy Plow
24:31 Bow Saw
24:48 Town Watch
25:58 Bodkin Arrow
26:39 Gold Mining
28:35 Wheelbarrow
29:02 Leather Archer Armor
33:52 Imperial Age
31:42 Scale Mail Armor
31:52 Forging
34:11 Pikeman
34:51 Squires
35:22 Bracer
35:53 Ring Archer Armor
35:38 Chain Mail Armor
36:00 Iron Casting
35:35 Halberdier
36:55 Warwolf
38:52 Yeomen
我是软脚虾,求求你不要伤害我
8:36 Feudal Age
9:33 Double-Bit Axe
10:10 Horse Collar
19:32 Castle Age
18:00 Gold Mining
18:58 Wheelbarrow
20:39 Bow Saw
20:44 Heavy Plow
22:45 Gold Shaft Mining
22:01 Stone Mining
27:01 Imperial Age
25:49 Hand Cart
25:19 Loom
25:20 Town Watch
26:09 Scale Barding Armor
26:14 Forging
27:09 Bloodlines
27:43 Chain Barding Armor
27:33 Forging
28:07 Conscription
27:53 Elite Steppe Lancer
29:51 Iron Casting
29:40 Steppe Husbandry
31:14 Plate Barding Armor
31:08 Pikeman
31:48 Squires
31:37 Arson
31:53 Halberdier
33:42 Blast Furnace
32:43 Scale Mail Armor
35:18 Chain Mail Armor
37:06 Two-Man Saw
36:45 Crop Rotation
36:54 Plate Mail Armor
39:12 Ballistics
38:43 Fletching
Les Choristes
10:09 Feudal Age
9:37 Loom
14:14 Castle Age
13:00 Horse Collar
13:58 Double-Bit Axe
16:18 Bow Saw
16:46 Heavy Plow
22:05 Wheelbarrow
23:25 Stone Mining
24:27 Gold Mining
28:09 Imperial Age
26:25 Fletching
26:36 Padded Archer Armor
27:29 Hand Cart
28:06 Ballistics
27:59 Bodkin Arrow
28:19 Leather Archer Armor
27:31 Crossbowman
28:53 Bracer
29:56 Chemistry
29:56 Arbalester
30:41 Thumb Ring
31:49 Conscription
32:46 Gold Shaft Mining
32:46 Stone Shaft Mining
32:57 Stone Shaft Mining
32:32 Squires
33:04 Ring Archer Armor
33:54 Scale Mail Armor
34:05 Forging
33:23 Halberdier
34:19 Siege Engineers
34:47 Town Watch
35:54 Chain Mail Armor
36:15 Iron Casting
35:45 Capped Ram
37:00 Royal Heirs
37:06 Elite Shotel Warrior
39:58 Plate Mail Armor
40:28 Blast Furnace
iiiiice
6:04 Loom
8:50 Feudal Age
20:18 Castle Age
18:39 Double-Bit Axe
19:19 Horse Collar
21:18 Bow Saw
29:15 Wheelbarrow
30:42 Gold Mining
34:56 Imperial Age
32:30 Pikeman
33:10 Squires
34:15 Fletching
34:14 Arson
35:00 Bodkin Arrow
35:07 Scale Mail Armor
34:44 Elite Skirmisher
35:53 Padded Archer Armor
36:50 Leather Archer Armor
37:45 Chain Mail Armor
38:52 Chemistry
38:01 Halberdier
一梦千年
11:00 Feudal Age
15:22 Castle Age
13:23 Double-Bit Axe
18:28 Bow Saw
23:18 Wheelbarrow
23:53 Loom
24:01 Town Watch
28:39 Scale Barding Armor
37:03 Imperial Age
36:20 Forging
Connection lost

Rejoining the realm…

Still unreachable

The connection could not be restored.

Session expired

The server has moved on; the page needs a fresh start.